 Dungeon Crawl Stone Soup version 0.29-a0-289-g2178c42546 (webtiles) character file.

Game seed: 16876092727929259198

1395 Dabor the Ducker (level 8, -1/79 HPs)
             Began as a Troll Fighter on Mar 17, 2022.
             Was an Initiate of Wu Jian.
             Slain by a thrashing horror (21 damage)
             ... created by the touch of Lugonu
             ... on level 5 of the Dungeon.
             The game lasted 00:08:59 (4515 turns).

Dabor the Ducker (Troll Fighter)                    Turns: 4515, Time: 00:08:59

Health: -1/79      AC:  6    Str: 33    XL:     8   Next: 41%
Magic:  7/7        EV:  9    Int: 12    God:    Wu Jian [......]
Gold:   264        SH:  8    Dex:  9    Spells: 7/7 levels left

rFire   . . .      SeeInvis .   p - +10 war axe of Gozag's Castigation {holy, *Rage Fly Str+6 Int+2}
rCold   . . .      Faith    .   c - +0 kite shield
rNeg    . . .      Spirit   .   b - +0 robe
rPois   .          Reflect  .   (helmet restricted)
rElec   .          Harm     .   s - +1 cloak
rCorr   .          Rampage  .   (gloves unavailable)
Will    .....      Rage     20% (boots unavailable)
Stlth   +.........              g - amulet of magic regeneration
HPRegen 1.03/turn               r - +6 ring of intelligence
MPRegen 0.50/turn               (no ring)

@: flying
A: large, unfitting armour, claws 3, regeneration 1, shaggy fur 1, tough skin 1
a: Renounce Religion


You were on level 5 of the Dungeon.
You worshipped Wu Jian.
Wu Jian was noncommittal.
You visited 2 branches of the dungeon, and saw 6 of its levels.

You collected 264 gold pieces.

Inventory:

Hand Weapons
 a - a +0 flail
 j - a +3 mace of holy wrath
 p - the +10 war axe of Gozag's Castigation (weapon) {holy, *Rage Fly Str+6 Int+2}
   (You found it on level 4 of the Dungeon)

   It has been blessed by the Shining One to cause great damage to the undead
   and demons.
   Str:       It affects your strength (+6).
   Int:       It affects your intelligence (+2).
   Fly:       It grants you flight.
   *Rage:     It berserks you when you make melee attacks (+20% chance).
Missiles
 e - 6 javelins
 o - 7 poisoned darts (quivered)
Armour
 b - a +0 robe (worn)
 c - a +0 kite shield (worn)
 s - a +1 cloak (worn)
Jewellery
 g - an amulet of magic regeneration (around neck)
 r - a +6 ring of intelligence (left claw)
Scrolls
 f - 2 scrolls of magic mapping
 h - a scroll of amnesia
 u - a scroll of identify
Potions
 d - 2 potions of might
 i - 3 potions of cancellation
 k - a potion of invisibility {unknown}
 l - 2 potions of magic {unknown}
 m - a potion of attraction {unknown}
 n - 4 potions of degeneration {unknown}
 q - 2 potions of curing {unknown}


   Skills:
 * Level 4.6 Fighting
 * Level 4.6 Maces & Flails
 + Level 2.3 Throwing
 + Level 2.1 Armour
 * Level 4.6 Dodging
 + Level 4.5 Shields
 + Level 0.6 Invocations


You had 7 spell levels left.
You didn't know any spells.
Your spell library contained the following spells:

 Spells                   Type           Power      Damage    Failure   Level
 Apportation              Tloc           0%         N/A       58%         1
 Poisonous Vapours        Pois/Air       0%         N/A       75%         2
 Spider Form              Tmut/Pois      0%         N/A       92%         3
 Swiftness                Air            0%         N/A       92%         3
 Alistair's Intoxication  Tmut/Pois      0%         N/A       100%        5


Dungeon Overview and Level Annotations

Branches:
Dungeon (5/15)             Temple (1/1) D:5

Altars:
Ashenzari
Cheibriados
Dithmenos
Elyvilon
Fedhas
Hepliaklqana
Kikubaaqudgha
Makhleb
Okawaru
Qazlal
Sif Muna
Trog
Vehumet
Wu Jian
Xom
Yredelemnul
Zin
The Shining One
Lugonu


Innate Abilities, Weirdness & Mutations

You are too large for most types of armour.
You have claws for hands.
Your natural rate of healing is unusually fast.
You are covered in fur. (AC +1)
You have tough skin. (AC +1)


Message History

The thrashing horror tramples you.
You are shoved backwards!
The thrashing horror tramples you!
You hold your ground!
The thrashing horror tramples you.
* * * LOW HITPOINT WARNING * * *
You are shoved backwards!
You are too injured to fight recklessly!
You are too injured to fight recklessly!
You are too injured to fight recklessly!
You are too injured to fight recklessly!
You are too injured to fight recklessly!
You slice the thrashing horror!!
The thrashing horror is severely damaged.
The thrashing horror tramples you but does no damage.
The thrashing horror tramples you!
* * * LOW HITPOINT WARNING * * *
You are shoved backwards!
You barely miss the thrashing horror.
The thrashing horror is severely damaged.
The thrashing horror closely misses you.
The thrashing horror barely misses you.
You lunge at the thrashing horror.
You slash the thrashing horror!
The thrashing horror is almost destroyed.
The thrashing horror closely misses you.
The thrashing horror completely misses you.
The thrashing horror closely misses you.
The thrashing horror tramples you but does no damage.
You hit the thrashing horror but do no damage.
The thrashing horror is almost destroyed.
The thrashing horror churns violently!
The thrashing horror seems to grow stronger.
The thrashing horror barely misses you. The thrashing horror tramples you.
* * * LOW HITPOINT WARNING * * *
You hold your ground!
The thrashing horror roars!
You closely miss the thrashing horror.
The thrashing horror is almost destroyed.
The thrashing horror tramples you but does no damage.
The thrashing horror closely misses you.
The thrashing horror tramples you!!
You die...

#.#....####..
#............
####.#....####..
..........# #.#
######...## ###.#####
##(## #.... ..# ##'##
#.#.# #.# ##[..##
#.#.###.# ##(@...##
#....#..# ##..X....#
##.......####:........#
.)..........'.........'..
##.##....####.........###
##.......# ##.......##
##.##.##.# ##.....##
##.##.##.# ##...##
##.##....# ##.##


You could see a thrashing horror (strong).

Vanquished Creatures
  The ghost of hemabe71 the Charlatan, a novice HuAr (D:4)
  The ghost of Ordine the Slasher, a novice TeWr of Okawaru (D:4)
  A phantom (D:3)
  4 small abominations
  3 killer bees (D:4)
  A howler monkey (D:5)
  A bullfrog zombie (D:5)
  Crazy Yiuf (D:3)
  6 orc priests
  2 jellies (D:5)
  An iguana (D:5)
  Natasha (twice) (D:2)
  An orc wizard (D:3)
  Robin (D:3)
  4 gnolls
  3 adders
  An adder zombie (D:5)
  2 worms
  A dart slug (D:1)
  27 orcs
  13 ball pythons
  7 endoplasms
  A giant cockroach (D:1)
  17 goblins
  9 hobgoblins
  4 jackals (D:1)
  3 bats
  4 frilled lizards
  4 kobolds
  5 rats
  3 bushes (D:5)
134 creatures vanquished.

Vanquished Creatures (others)
  8 plants (D:1)
  6 starspawn tentacles (D:4)
  3 withered plants (D:4)
17 creatures vanquished.

Grand Total: 151 creatures vanquished

Notes
Turn   | Place    | Note
-------+----------+-------------------------------------------
     0 | D:1      | Dabor the Troll Fighter began the quest for the Orb.
     0 | D:1      | Reached XP level 1. HP: 22/22 MP: 0/0
    42 | D:1      | Reached XP level 2. HP: 19/29 MP: 1/1
   161 | D:1      | Reached XP level 3. HP: 34/36 MP: 2/2
   213 | D:1      | You fall into a shaft and drop 1 floor!
   238 | D:2      | Got Iralazish's Tome of Cloudy Envenoming
   825 | D:2      | Reached XP level 4. HP: 41/45 MP: 3/3
  1042 | D:2      | Noticed Natasha
  1048 | D:2      | Killed Natasha
  1068 | D:2      | Found a faded altar of an unknown god.
  1197 | D:2      | Noticed Natasha
  1203 | D:2      | Killed Natasha
  1431 | D:2      | Reached XP level 5. HP: 46/53 MP: 4/4
  1619 | D:2      | Prayed at the altar of an unknown god.
  1619 | D:2      | Became a worshipper of Lugonu the Unformed
  1619 | D:2      | Reached * piety under Lugonu
  1619 | D:2      | Reached ** piety under Lugonu
  1620 | D:2      | Fell from the grace of Lugonu
  1666 | D:3      | Noticed Robin
  1763 | D:3      | Killed Robin
  1877 | D:3      | Noticed a phantom
  1889 | D:3      | Killed a phantom
  1890 | D:3      | Reached XP level 6. HP: 55/61 MP: 5/5
  2058 | D:3      | Found a runed translucent door.
  2059 | D:3      | Noticed Crazy Yiuf
  2285 | D:3      | Killed Crazy Yiuf
  2788 | D:4      | Reached skill level 1 in Throwing
  2788 | D:4      | Reached skill level 1 in Armour
  3080 | D:4      | Found an ancient bone altar of Kikubaaqudgha.
  3142 | D:4      | Identified the +10 war axe of Gozag's Castigation {holy,
                  | *Rage Fly Str+6 Int+2}
  3463 | D:4      | Noticed a tentacled starspawn
  3537 | D:4      | Reached XP level 7. HP: 58/68 MP: 6/6
  3590 | D:4      | Found a runed translucent gate.
  3591 | D:4      | Found a runed translucent gate.
  3592 | D:4      | Found a runed translucent gate.
  3598 | D:4      | Noticed Ordine's ghost (novice TeWr)
  3598 | D:4      | Noticed hemabe71's ghost (novice HuAr)
  3607 | D:4      | Killed hemabe71's ghost
  3621 | D:4      | Killed Ordine's ghost
  3622 | D:4      | Reached XP level 8. HP: 79/79 MP: 7/7
  3635 | D:4      | Noticed a starcursed mass
  3646 | D:4      | Paralysed by accursed screaming for 1 turns
  3671 | D:5      | Entered Level 5 of the Dungeon
  3712 | D:5      | Found a staircase to the Ecumenical Temple.
  3736 | Temple   | Entered the Ecumenical Temple
  3905 | Temple   | Became a worshipper of the Wu Jian Council
  4096 | D:5      | Found a basalt altar of Yredelemnul.
  4425 | D:5      | Noticed a thrashing horror
  4515 | D:5      | Slain by a thrashing horror

Illustrated notes

Levels and vault maps discovered:
D:1:      dpeg_arrival_shrine, layout_rooms, corexii_hall_statues_u,
          nicolae_grassy_gnolls
D:2:      layout_basic, basic_ecumenical_altar, kennysheep_generic_room_2,
          uniq_natasha
D:3:      layout_rooms, uniq_crazy_yiuf_cottage, uniq_robin
D:4:      layout_gridville, mainiacjoe_overflow_alcove_1,
          gammafunk_ghost_cemetery, minmay_rat_hole
D:5:      layout_loops_corners, lemuel_zombie_altar_yredelemnul,
          minmay_temple_entry_statues_fountains, minmay_hedge_maze,
          uniq_blork_the_orc
Temple:   regret_index_temple_sphere_string

Skill      XL: |  1  2  3  4  5  6  7  8 |
---------------+-------------------------+-----
Maces & Flails | 2 3 4 |  4.6
Fighting       | 3 4 |  4.6
Dodging        | 3 4 |  4.6
Shields        | 3 4 |  4.5
Throwing       | 1 2 |  2.3
Armour         | 1 2 |  2.1
Invocations    | |  0.6

Action                   |  1- 3 |  4- 6 |  7- 9 || total
-------------------------+-------+-------+-------++-------
Melee: Flail             |   106 |       |       ||   106
       Mace              |    14 |   209 |       ||   223
       War axe           |       |     2 |   112 ||   114
Throw: Dart              |       |    18 |    12 ||    30
Invok: Renounce Religion |       |     1 |       ||     1
       Lunge             |       |       |     5 ||     5
  Use: Scroll            |       |     6 |     2 ||     8
       Potion            |       |     1 |     2 ||     3
 Stab: Distracted        |     1 |       |       ||     1
Armor: Robe              |    68 |    77 |    21 ||   166
Dodge: Dodged            |    67 |   113 |    49 ||   229
Block: Kite shield       |    52 |   107 |    33 ||   192

Table legend: (Time is in decaauts)
 A = Elapsed time spent in this place.
 B = Non-inter-level travel time spent in this place.
 C = Inter-level travel time spent in this place.
 D = Time resting spent in this place.
 E = Time spent auto-exploring this place.
 F = Levels seen in this place.
 G = Mean time per level.
                   A        B        C        D        E       F      G
               +--------+--------+--------+--------+--------+-----+--------+
         Total |   4787 |   4469 |    318 |    235 |   2778 |   6 |  797.8 |
       Dungeon |   4592 |   4309 |    283 |    235 |   2644 |   5 |  918.4 |
        Temple |    195 |    160 |     35 |      0 |    134 |   1 |  195.0 |
               +--------+--------+--------+--------+--------+-----+--------+

Top non-repeatable levels by time:
     D:4: 1122 daAuts
     D:2: 1120 daAuts
     D:3: 954 daAuts
     D:5: 738 daAuts
     D:1: 655 daAuts
  Temple: 195 daAuts
